 Dungeon Crawl Stone Soup version 0.29.1-15-g9cfb28693d (webtiles) character file.

Game seed: 14559858399514890368

8786 buriedalive the Nimble (level 11, 0/68 HPs)
             Began as a Deep Elf Ice Elementalist on Apr 20, 2023.
             Was a Believer of Ashenzari.
             Shot with an arrow by a centaur warrior (19 damage)
             ... on level 9 of the Dungeon.
             The game lasted 00:27:46 (14484 turns).

buriedalive the Nimble (Deep Elf Ice Elementalist) Turns: 14484, Time: 00:27:46

Health: 0/68       AC:  9    Str:  5    XL:     11   Next: 14%
Magic:  20/20      EV: 19    Int: 25    God:    Ashenzari [**....]
Gold:   703        SH:  0    Dex: 21    Spells: 6/20 levels left

rFire   x . .      SeeInvis +   r - +5 dagger of the Ensconced Apathy {flame, rElec, Elem, Evo} (curse)
rCold   + . .      Faith    .   (no shield)
rNeg    . . .      Spirit   .   E - +2 leather armour of the Ensconced Cosmos {rPois, Range, Cun} (curse)
rPois   +          Reflect  .   C - +1 helmet of Supernal Understanding {Evo, Alch} (curse)
rElec   +          Harm     .   j - +1 cloak "Restrained With Me" {Evo, Bglg} (curse)
rCorr   .          Rampage  .   (no gloves)
Will    +....                   (no boots)
Stlth   +++.......              (no amulet)
HPRegen 0.21/turn               i - +6 ring of dexterity
MPRegen 0.17/turn               m - ring of ice

@: no status effects
A: no striking features
a: Renounce Religion, Curse Item, Shatter the Chains


You were on level 9 of the Dungeon.
You worshipped Ashenzari.
Ashenzari was pleased with you.
You visited 2 branches of the dungeon, and saw 10 of its levels.

You collected 703 gold pieces.

Inventory:

Hand Weapons
 d - a +0 short sword
 r - the cursed +5 dagger of the Ensconced Apathy (weapon) {flame, rElec, Elem, Evo}
   (You found it on level 6 of the Dungeon)

   It burns those it strikes, dealing additional fire damage.
   rElec:     It insulates you from electricity.
   It has a curse which improves the following skills: Elements: Fire Magic, Ice
   Magic, Air Magic and Earth Magic.
   Evocations: Evocations.
 L - a +4 scimitar of flaming
Missiles
 e - 99 stones
 s - 21 poisoned darts
 x - a throwing net
Armour
 j - the cursed +1 cloak "Restrained With Me" (worn) {Evo, Bglg}
   (You found it on level 5 of the Dungeon)

   It has a curse which improves the following skills: Evocations: Evocations.
   Beguiling: Conjurations, Hexes and Translocations.
 C - the cursed +1 helmet of Supernal Understanding (worn) {Evo, Alch}
   (You found it on level 5 of the Dungeon)

   It has a curse which improves the following skills: Evocations: Evocations.
   Alchemy:   Poison Magic and Transmutations.
 E - the cursed +2 leather armour of the Ensconced Cosmos (worn) {rPois, Range, Cun}
   (You found it on level 5 of the Dungeon)

   It has a curse which improves the following skills: Ranged Combat: Ranged
   Weapons and Throwing.
   Cunning:   Dodging and Stealth.
 I - a +2 leather armour of fire resistance
Magical Staves
 F - a staff of poison
Jewellery
 i - a +6 ring of dexterity (left hand)
 m - a ring of ice (right hand)
 p - a ring of positive energy
 v - a ring of see invisible
 K - a +6 ring of strength
Wands
 k - a wand of polymorph (3)
 u - a wand of charming (3)
 y - a wand of flame (23)
 B - a wand of iceblast (5)
Scrolls
 c - 3 scrolls of teleportation
 q - 3 scrolls of magic mapping
 t - 2 scrolls of vulnerability
 w - a scroll of blinking
 D - a scroll of identify
 G - a scroll of amnesia
 H - 2 scrolls of fear
 J - a scroll of butterflies
Potions
 a - 2 potions of attraction
 b - a potion of magic
 f - 2 potions of might
 g - 2 potions of invisibility
 h - 4 potions of curing
 l - a potion of cancellation
 n - 2 potions of berserk rage
 o - 2 potions of ambrosia
 z - a potion of lignification
 A - a potion of flight
Miscellaneous
 M - a phantom mirror


   Skills:
 + Level 8.0 Fighting
 + Level 4.2 Short Blades
 - Level 10.7(12.0) Dodging
 - Level 2.4(3.4) Stealth
 - Level 5.0 Spellcasting
 - Level 6.7(8.0) Hexes
 - Level 4.8(6.0) Translocations
 - Level 9.3(10.6) Ice Magic


You had 6 spell levels left.
You knew the following spells:

 Your Spells              Type           Power      Damage    Failure   Level
a - Freeze                Ice            100%       1d11      1%          1
b - Ozocubu's Armour      Ice            73%        N/A       1%          3
c - Frozen Ramparts       Ice            100%       1d16      1%          3
d - Blink                 Tloc           72%        N/A       1%          2
e - Metabolic Englaciati  Hex/Ice        34%        N/A       9%          5

Your spell library contained the following spells:

 Spells                   Type           Power      Damage    Failure   Level
 Apportation              Tloc           72%        N/A       1%          1
 Ensorcelled Hibernation  Hex/Ice        100%       N/A       1%          2
 Lesser Beckoning         Tloc           36%        N/A       3%          3
 Cause Fear               Hex            23%        N/A       4%          4
 Inner Flame              Hex/Fire       26%        N/A       8%          3
 Summon Guardian Golem    Hex/Summ       26%        N/A       8%          3
 Magic Dart               Conj           24%        1d4       13%         1
 Sandblast                Erth           12%        2d6       13%         1
 Necrotise                Necr           24%        1d5       14%         1
 Summon Small Mammal      Summ           24%        N/A       14%         1
 Hailstorm                Conj/Ice       49%        3d11      16%         4
 Ice Form                 Ice/Tmut       49%        N/A       16%         4
 Call Imp                 Summ           6%         N/A       21%         2
 Passwall                 Tmut/Erth      5%         N/A       21%         2
 Manifold Assault         Tloc           36%        N/A       32%         5
 Mephitic Cloud           Conj/Pois/Air  6%         N/A       36%         3
 Stone Arrow              Conj/Erth      12%        3d7       36%         3
 Swiftness                Air            6%         N/A       36%         3
 Petrify                  Tmut/Erth      6%         N/A       78%         4
 Statue Form              Tmut/Erth      4%         N/A       100%        6
 Dragon Form              Tmut           3%         N/A       100%        7
 Malign Gateway           Summ/Tloc      10%        N/A       100%        7
 Discord                  Hex            23%        N/A       100%        8
 Dragon's Call            Summ           3%         N/A       100%        9


Dungeon Overview and Level Annotations

Branches:
Dungeon (9/15)             Temple (1/1) D:4            Lair (0/5) D:8
    Orc (0/2) D:9

Altars:
Ashenzari
Cheibriados
Dithmenos
Elyvilon
Fedhas
Gozag
Hepliaklqana
Kikubaaqudgha
Makhleb
Nemelex Xobeh
Okawaru
Qazlal
Ru
Sif Muna
Trog
Uskayaw
Vehumet
Wu Jian
Xom
Yredelemnul
Zin
The Shining One

Annotations:
D:3 3 runed translucent doors, jziggy's ghost, amateur GnVM
D:4 2 transporters, safid's ghost, amateur MfIE
D:8 2 transporters, sigtrap's ghost, journeyman GnFi


Message History

The wraith resists.
The wall freezes the wraith.
The wraith barely misses you.
Unknown command.
You hit the wraith. You burn the wraith.
The wraith is severely damaged.
The wraith resists.
The wall freezes the wraith.
The wraith closely misses you.
The wraith resists.
The wall freezes the wraith.
You destroy the wraith!
Unknown command.
Your icy armour cracks and falls away as you move.
The frozen ramparts melt away as you move.
You see here a vampire mosquito corpse.
You feel yourself speed up.
You see here a phantom mirror.
M - a phantom mirror You start resting.
You feel a little less mighty now.
You see here a vampire mosquito corpse.
There is an open door, spattered with blood here.
Items here: )) [ †.
You start resting.
Magic restored.
You start resting.
HP restored.
You start waiting.
You open the door.
There is an open door here.
A centaur warrior comes into view.
The centaur warrior shouts!
The centaur warrior wields a +0 shortbow.
The centaur warrior shoots an arrow.
The arrow misses you.
The centaur warrior shoots an arrow.
The arrow hits you!
The centaur warrior shoots an arrow.
The arrow hits you!!
The centaur warrior shoots an arrow.
The arrow completely misses you.
You start resting.
A centaur warrior is nearby!
The centaur warrior shoots an arrow.
The arrow hits you!
The centaur warrior shoots an arrow.
The arrow hits you!
* * * LOW HITPOINT WARNING * * *
You feel better.
The centaur warrior shoots an arrow.
The arrow hits you!!
You die...

#..)..)........ #.......
#..##)######### #.>.....
#).#...#...# * ####.......
######.##...#...+ *#.......###
.....#..#...#...#** #.......#..
........#...##..# , *#.......#..
........##..##c.# * **#..>....#..
.....##..#..###.#######.......#..
.....##..#..#.##@.....#......##..
.....#...##.[..##.....#......#...
.....'....#.#...###...#......#...
#######...####'#####'##......#...
......###'###.).......#......#...
............###.......#......#...
..............####....#......#...
.................######......###.
.....................###'##+####.


You could see a centaur warrior.

Vanquished Creatures
  A two-headed ogre (D:8)
  2 tengu warriors (D:9)
  An efreet (D:9)
  2 trolls (D:9)
  14 yaks
  2 wraiths (D:9)
  A steam dragon (D:8)
  2 vampire mosquitoes (D:9)
  A water moccasin (D:6)
  7 orc warriors
  An ice beast (D:5)
  A black bear (D:5)
  3 centaurs
  4 phantoms
  5 bullfrogs
  A kobold brigand (D:8)
  A necrophage (D:7)
  A gnoll sergeant (D:8)
  3 wights (D:9)
  4 killer bees (D:9)
  3 howler monkeys (D:8)
  2 jellies
  6 hounds
  8 orc priests
  A gnoll bouda (D:5)
  Natasha (thrice) (D:4)
  4 iguanas
  8 orc wizards
  19 gnolls
  4 adders
  A shadow imp (D:8)
  2 white imps
  An ufetubus (D:5)
  2 worms (D:2)
  2 dart slugs
  32 orcs
  7 endoplasms
  2 giant cockroaches
  10 hobgoblins
  2 jackals (D:4)
  3 quokkas
  13 ball pythons
  5 bats
  2 frilled lizards (D:1)
  11 goblins
  15 kobolds
  3 rats
228 creatures vanquished.

Vanquished Creatures (others)
  A plant (D:1)
1 creature vanquished.

Grand Total: 229 creatures vanquished

Notes
Turn   | Place    | Note
-------+----------+-------------------------------------------
     0 | D:1      | buriedalive the Deep Elf Ice Elementalist began the quest
                  | for the Orb.
     0 | D:1      | Reached XP level 1. HP: 10/10 MP: 6/6
   131 | D:1      | Found a large runed translucent door.
   131 | D:1      | Found a large runed translucent door.
   406 | D:1      | Reached XP level 2. HP: 10/15 MP: 5/8
   756 | D:1      | Found a faded altar of an unknown god.
  1448 | D:2      | Reached skill level 3 in Dodging
  1999 | D:2      | Reached XP level 3. HP: 19/19 MP: 10/10
  2493 | D:2      | Reached skill level 5 in Ice Magic
  2859 | D:1      | Learned a level 3 spell: Ozocubu's Armour
  2863 | D:1      | Learned a level 3 spell: Frozen Ramparts
  2879 | D:1      | Reached XP level 4. HP: 14/24 MP: 8/12
  3208 | D:3      | You fall into a shaft and drop 3 floors!
  3234 | D:6      | Identified the +5 dagger "Hoiha" {flame, rElec}
  3281 | D:6      | Noticed a phantom
  3500 | D:6      | Noticed a water moccasin
  3509 | D:6      | Killed a water moccasin
  3510 | D:6      | Reached skill level 4 in Dodging
  3510 | D:6      | Reached skill level 5 in Spellcasting
  3510 | D:6      | Reached XP level 5. HP: 11/28 MP: 7/14
  3808 | D:6      | Got the Quarto of Friendly Ice
  3949 | D:5      | Entered Level 5 of the Dungeon
  4321 | D:3      | Found a shimmering altar of Xom.
  4330 | D:3      | Reached XP level 6. HP: 32/32 MP: 11/15
  4601 | D:3      | Found a runed translucent gate.
  4602 | D:3      | Found a runed translucent gate.
  4603 | D:3      | Noticed jziggy's ghost (amateur GnVM)
  4603 | D:3      | Identified the +4 mace of Yfihen {protect, Str+4}
  4603 | D:3      | Identified the +2 ring mail of the Circus Animal {rF+
                  | Str+3}
  4604 | D:3      | Found a runed translucent gate.
  5147 | D:4      | Found a transporter.
  5150 | D:4      | Noticed safid's ghost (amateur MfIE)
  5193 | D:4      | Reached skill level 5 in Dodging
  5362 | D:4      | Noticed Natasha
  5365 | D:4      | Killed Natasha
  5395 | D:4      | Noticed Natasha
  5425 | D:4      | Killed Natasha
  5513 | D:4      | Noticed Natasha
  5518 | D:4      | Killed Natasha
  5664 | D:4      | Found a hazy altar of Hepliaklqana.
  5680 | D:4      | Found a staircase to the Ecumenical Temple.
  5723 | Temple   | Entered the Ecumenical Temple
  5957 | Temple   | Became a worshipper of Ashenzari the Shackled
  6014 | D:4      | Found a transporter.
  6179 | D:4      | Found an opulent altar of Gozag.
  6182 | D:4      | Found a basalt altar of Yredelemnul.
  6186 | D:4      | Found a glowing silver altar of Zin.
  6234 | D:4      | Reached skill level 6 in Dodging
  6234 | D:4      | Reached XP level 7. HP: 33/36 MP: 16/16
  6613 | D:5      | Reached skill level 7 in Dodging
  6884 | D:5      | Reached skill level 1 in Fighting
  7469 | D:5      | Reached XP level 8. HP: 39/43 MP: 10/17
  7722 | D:6      | Reached skill level 8 in Dodging
  9195 | D:7      | Reached * piety under Ashenzari
  9506 | D:7      | Reached skill level 9 in Dodging
  9676 | D:7      | Found a glowing golden altar of the Shining One.
  9682 | D:7      | Found an ornate altar of the Wu Jian Council.
  9685 | D:7      | Found a bloodstained altar of Trog.
  9871 | D:8      | Reached XP level 9. HP: 51/51 MP: 11/18
  9954 | D:8      | Found a staircase to the Lair.
 10005 | D:8      | Found a transporter.
 10011 | D:8      | Reached ** piety under Ashenzari
 10040 | D:8      | Found a transporter.
 10174 | D:8      | Learned a level 2 spell: Blink
 10174 | D:8      | Noticed sigtrap's ghost (journeyman GnFi)
 10206 | D:8      | Reached skill level 1 in Translocations
 10721 | D:8      | Reached skill level 10 in Dodging
 10933 | D:8      | Reached skill level 5 in Fighting
 11186 | D:8      | Noticed a two-headed ogre
 11194 | D:8      | Killed a two-headed ogre
 11195 | D:8      | Reached XP level 10. HP: 38/59 MP: 10/19
 11238 | D:8      | Learned a level 5 spell: Metabolic Englaciation
 11685 | D:9      | Reached skill level 1 in Hexes
 11913 | D:9      | HP: 2/60 [orc warrior/+0 trident (11)]
 11925 | D:9      | Reached skill level 5 in Hexes
 12593 | D:9      | Found a staircase to the Orcish Mines.
 13131 | D:9      | Noticed a tengu warrior
 13138 | D:9      | Killed a tengu warrior
 14220 | D:9      | Noticed a tengu warrior
 14225 | D:9      | Reached XP level 11. HP: 66/68 MP: 8/20
 14239 | D:9      | Killed a tengu warrior
 14478 | D:9      | Noticed a centaur warrior
 14484 | D:9      | Shot with an arrow by a centaur warrior

Illustrated notes

Levels and vault maps discovered:
D:1:      erik_arrival_cave_to_civilisation [erik_arrival_cave_to_temple],
          layout_basic, shapermc_ecumenical_altar_mp_urbaneastern
D:2:      layout_loops_corners, minivault_24, grunt_ministairs_13
D:3:      layout_basic, mainiacjoe_overflow_catwalk, biasface_ghost_orc_armoury,
          grunt_ministairs_13
D:4:      layout_loops_ring, lemuel_crystal_altar,
          grunt_temple_overflow_diamond, minmay_temple_entry_purple_smoke,
          gammafunk_ghost_mausoleum, uniq_natasha
D:5:      nicolae_cairo_tiling_large_dashed, layout_cave_pools,
          kennysheep_generic_room_2
D:6:      layout_gridville
D:7:      layout_rooms, minmay_overflow_temple_star_quad
D:8:      minmay_goldmine, layout_basic, lair_entry_dummy, nzn_ghost_randoct
D:9:      minmay_sliced_demisemicircle, layout_gridville, david_orc_4,
          serial_glass, glass_columns_c, glass_columns_c
Temple:   eino_temple_water

Skill      XL: |  1  2  3  4  5  6  7  8  9 10 11 |
---------------+----------------------------------+-----
Dodging        | 3 4 6 7 9 10 | 10.7
Spellcasting   | 4 5 |  5.0
Ice Magic      | 5 6 8 9 |  9.3
Fighting       | 1 3 5 7 8 |  8.0
Translocations | 4 |  4.8
Hexes          | 6 |  6.7
Short Blades   | 3 4 |  4.2
Stealth        | |  2.4

Action                   |  1- 3 |  4- 6 |  7- 9 | 10-12 || total
-------------------------+-------+-------+-------+-------++-------
Melee: Short sword       |    57 |     3 |       |       ||    60
       Unarmed           |     1 |       |       |       ||     1
       Dagger            |       |    43 |   140 |    79 ||   262
       Punch             |       |       |     5 |     2 ||     7
 Cast: Freeze            |    27 |     8 |    41 |    27 ||   103
       Frozen Ramparts   |     1 |    12 |    29 |    16 ||    58
       Ozocubu's Armour  |       |     7 |    18 |    14 ||    39
       Metabolic Englaci |       |       |       |     1 ||     1
Invok: Curse Item        |       |       |     4 |       ||     4
Evoke: Wand              |       |       |       |     2 ||     2
  Use: Scroll            |     1 |    13 |     7 |     1 ||    22
       Potion            |       |     1 |     4 |     4 ||     9
 Stab: Sleeping          |     9 |     1 |     4 |       ||    14
       Distracted        |       |     1 |       |       ||     1
Armor: Robe              |     8 |     1 |       |       ||     9
       Leather armour    |       |    10 |    63 |    42 ||   115
Dodge: Dodged            |    43 |    34 |   148 |   134 ||   359
